Map: Arctic Dream LE

Players

rustyisback

  • Race: Terran Terran
  • League: Diamond
  • Spawn Location: 6:00

Kaya

  • Race: Terran Terran
  • League: Platinum
  • Spawn Location: 5:00

qqq

  • Race: Protoss Protoss
  • League: Platinum
  • Spawn Location: 12:00

Massa

  • Race: Terran Terran
  • League: Platinum
  • Spawn Location: 11:00

VOD

Have the link to the VOD?

Description

Time

  • Played on: Sept. 27, 2020, 3:28 p.m.
  • Length: 20:13
Show
View Real Time Build Order
Export as new Build Order

rustyisback Terran 

Build Orders: Command Center First (CC) 

Get SALT Encoding   

  12  0:00  SCV  
  13  0:12  SCV  
  14  0:21  Supply Depot  
  14  0:24  SCV  
  15  0:42  SCV  
  16  0:54  SCV  
  17  1:07  SCV  
  17  1:10  Command Center  
  18  1:19  SCV  
  19  1:26  Barracks  
  18  1:47  Supply Depot  
  18  1:48  SCV  
  19  1:56  Barracks  
  19  2:04  SCV  
  19  2:05  Supply Depot  
  20  2:10  Refinery  
  20  2:16  SCV  
  20  2:18  Marine  
  20  2:22  SCV  
  23  2:38  Orbital Command  
  23  2:40  Supply Depot  
  23  2:42  Marine  
  23  2:44  Marine  
  24  2:50  SCV  
  26  3:00  Marine  
  26  3:02  Marine  
  26  3:05  SCV  
  28  3:18  Marine  
  28  3:19  Marine  
  27  3:22  Orbital Command  
  27  3:32  Factory  
  27  3:36  Marine  
  27  3:37  Refinery  
  27  3:38  Marine  
  27  3:39  Refinery  
  29  3:43  SCV  
  30  3:53  SCV  
  30  3:54  Marine  
  32  3:56  Marine  
  33  4:11  SCV x2  
  33  4:12  Marine  
  33  4:14  Marine  
  37  4:30  Supply Depot  
  37  4:32  Factory Tech Lab  
  37  4:39  Marine x2  
  37  4:41  Orbital Command  
  38  4:57  SCV, Marine x2, Siege Tank  
  44  5:10  Starport  
  44  5:15  SCV x2  
  44  5:16  Bunker  
  44  5:18  Marine x2  
  38  5:52  Marine x2  
  38  5:54  Siege Tank  
  32  5:58  SCV  
  17  6:11  Marine  
  17  6:12  Marine  
  11  6:34  Marine x2  
  11  6:35  Siege Tank  
  11  6:37  SCV x2  
  18  6:41  Starport Reactor  
  18  6:49  SCV x2  
  20  7:01  SCV x2  
  20  7:03  Marine x2  
  24  7:09  Refinery  
  24  7:13  SCV  
  24  7:14  SCV  
  26  7:16  Siege Tank  
  26  7:22  Barracks Tech Lab  
  29  7:25  Marine  
  29  7:26  SCV  
  31  7:40  SCV x2  
  33  7:52  SCV x2, Barracks x3  
  35  8:04  SCV x2  
  37  8:08  Medivac  
  39  8:12  Command Center  
  39  8:16  SCV x2  
  41  8:21  Marine x2  
  41  8:23  Stimpack  
  43  8:29  SCV  
  43  8:30  SCV  
  45  8:36  Supply Depot  
  45  8:38  Supply Depot  
  45  8:41  Marine x4  
  49  8:50  SCV x2  
  49  8:54  Refinery  
  51  9:00  Medivac  
  51  9:01  Medivac  
  51  9:02  SCV  
  56  9:08  SCV  
  57  9:16  Barracks Reactor, Barracks Tech Lab  
  57  9:18  SCV  
  57  9:20  SCV  
  57  9:22  Barracks Reactor  
  59  9:31  Marine x2  
  60  9:35  SCV x2, Engineering Bay  
  60  9:37  Marine  
  62  9:48  SCV, Marine  
  62  9:49  Marine  
  65  9:55  Marine  
  44  10:00  Marine  
  44  10:01  Marine x3  
  44  10:02  SCV x3  
  44  10:06  Marine  
  48  10:14  SCV x3  
  48  10:15  Combat Shield  
  51  10:26  SCV x2  
  51  10:27  SCV  
  54  10:32  Marine x6  
  54  10:33  Marine  
  61  10:36  Medivac x2  
  61  10:38  Siege Tank  
  61  10:39  SCV  
  69  10:49  Marine x2  
  69  10:50  Marine x4  
  69  10:51  SCV x3  
  78  11:00  Marine  
  78  11:03  SCV x3, Concussive Shells  
  82  11:06  Terran Infantry Weapons Level 1  
  82  11:07  Marine x2  
  82  11:10  Engineering Bay  
  84  11:15  SCV  
  84  11:16  Sensor Tower  
  85  11:20  Orbital Command  
  85  11:21  Missile Turret  
  85  11:23  Supply Depot  
  85  11:25  Supply Depot  
  85  11:44  SCV, Marine x2  
  85  11:45  Marauder x2  
  91  11:54  Marine  
  79  12:04  Marine x4  
  79  12:05  SCV x2  
  79  12:06  Marauder, Marine  
  82  12:12  Terran Infantry Armor Level 1  
  82  12:13  SCV  
  82  12:14  Refinery  
  83  12:17  SCV x2  
  83  12:18  Marine  
  83  12:22  Marine x4  
  90  12:23  Marine  
  90  12:25  Supply Depot  
  90  12:26  Supply Depot  
  90  12:27  Medivac x2, Supply Depot  
  90  12:29  Marine  
  96  12:36  Marine  
  97  12:39  Marine  
  97  12:40  Marine x3  
  101  12:45  Armory  
  101  12:46  Marine  
  101  12:47  Marine  
  103  12:54  Marine  
  103  12:57  Marine x2  
  106  13:01  Marine x2  
  106  13:02  Missile Turret  
  106  13:04  SCV x3, Marine x2  
  113  13:06  Missile Turret  
  113  13:08  Missile Turret  
  113  13:10  Command Center, Supply Depot  
  113  13:11  Medivac, Missile Turret  
  113  13:12  Marine, Medivac  
  118  13:13  Supply Depot  
  118  13:15  Marine x2  
  118  13:16  SCV  
  118  13:19  Marine  
  122  13:20  Barracks  
  122  13:21  SCV x2  
  122  13:23  Marine  
  122  13:25  Barracks  
  125  13:31  Supply Depot  
  125  13:32  Marine x2  
  127  13:35  Supply Depot  
  127  13:41  Marine x2  
  127  13:42  Marine x3  
  132  13:48  Medivac  
  132  13:49  Marine x2, Medivac  
  132  13:54  Supply Depot  
  139  13:55  SCV x2  
  139  13:56  SCV  
  139  13:59  Marine  
  139  14:00  Marine x3  
  139  14:01  Marine  
  146  14:07  Marine x2  
  148  14:12  Barracks Reactor  
  148  14:13  Barracks Reactor  
  148  14:17  Marine  
  148  14:18  Marine x4  
  153  14:25  Marine x2  
  155  14:34  Medivac x2  
  155  14:35  Marine  
  155  14:36  Marine x4  
  164  14:43  Marine x2  
  166  14:46  Barracks  
  166  14:49  Marine  
  166  14:50  Marine  
  168  14:52  Marine  
  168  14:53  Marine  
  168  14:54  Marine x3  
  172  15:01  Marine x2  
  172  15:06  Marine x2  
  142  15:19  Marauder  
  142  15:20  Marine  
  128  15:21  Marine x6  
  128  15:22  Marine  
  128  15:24  Marine x2  
  132  15:34  Barracks  
  126  15:38  Marine  
  126  15:39  Marine x5  
  119  15:50  Marine x5  
  119  15:52  Medivac x2  
  119  15:56  Marine  
  119  15:57  Marine x2  
  123  16:04  SCV  
  123  16:05  SCV x3  
  123  16:09  Marine  
  123  16:10  Marine x7  
  133  16:13  Marine  
  133  16:14  Terran Infantry Armor Level 2, Terran Infantry Weapons Level 2, Marine x2  
  133  16:15  Marine  
  133  16:16  SCV  
  138  16:27  Marine  
  138  16:28  Barracks x2, Marine x5  
  138  16:29  Marine  
  138  16:30  Marauder  
  140  16:35  Marine x3  
  140  16:36  Marine  
  140  16:38  Medivac x2  
  143  16:40  SCV  
  143  16:44  SCV  
  143  16:45  Orbital Command  
  145  16:47  Command Center  
  145  16:53  Sensor Tower  
  145  16:56  Refinery, Marine  
  145  16:58  Barracks Reactor  
  145  16:59  Barracks Reactor, Refinery  
  145  17:00  Marine x5  
  145  17:01  Marine x5  
  156  17:08  Medivac x2  
  156  17:14  Marine  
  161  17:17  Marine  
  161  17:18  Marine x6  
  161  17:19  Marine x3  
  161  17:20  Marine  
  161  17:21  Marine, Command Center  
  173  17:32  Marine  
  173  17:35  Marine  
  173  17:36  Marine x5  
  180  17:40  Barracks  
  180  17:42  Barracks  
  180  17:47  Supply Depot x2  
  180  17:50  Supply Depot  
  180  17:51  Supply Depot  
  180  17:58  Marine x11, Medivac x2  
  195  18:08  Marine x5  
  200  18:16  Marine  
  197  18:21  Marine x2  
  197  18:22  Marine x2  
  197  18:24  Marine  
  197  18:25  Marine  
  155  19:03  Marine x3  
  155  19:04  Marine x11  
  155  19:06  Medivac x2  
  155  19:09  Marine  
  173  19:10  Marine  
  173  19:14  Marine  
  173  19:15  SCV  
  173  19:16  SCV x2  
  179  19:21  Marine x3  
  179  19:22  SCV  
  183  19:24  Marine  
  183  19:25  Marine x6  
  183  19:26  Marine  
  183  19:28  SCV  
  192  19:38  Marine x3  
  192  19:39  Marine x2  
  192  19:43  Marine x3  
Show
View Real Time Build Order
Export as new Build Order

Kaya Terran 

Build Orders: Reaper Expand 

Get SALT Encoding   

  12  0:00  SCV  
  13  0:12  SCV  
  14  0:17  Supply Depot  
  14  0:24  SCV  
  15  0:39  SCV  
  15  0:40  Barracks  
  16  0:48  Refinery  
  16  0:51  SCV  
  17  1:03  SCV  
  18  1:15  SCV  
  19  1:28  Supply Depot  
  19  1:31  Reaper  
  20  1:37  Command Center  
  20  1:41  SCV  
  21  1:54  Orbital Command  
  21  1:58  Refinery  
  21  2:07  Barracks Reactor  
  21  2:29  Factory  
  21  2:32  SCV  
  21  2:35  Barracks  
  22  2:48  Marine  
  22  2:49  Marine  
  24  2:53  Orbital Command  
  24  2:56  SCV  
  25  3:12  Marine x2  
  28  3:28  Factory Reactor  
  28  3:30  Marine  
  28  3:36  Barracks Tech Lab  
  28  3:39  Starport, SCV x2  
  29  3:45  Marine  
  30  3:50  Supply Depot  
  30  3:51  SCV x2  
  32  3:57  Stimpack  
  32  4:05  Hellion  
  32  4:06  Hellion  
  32  4:09  Marine  
  37  4:10  Marine x2  
  37  4:14  SCV  
  37  4:15  SCV  
  41  4:21  Supply Depot  
  41  4:24  Starport Reactor, Engineering Bay  
  41  4:29  Marine x2  
  41  4:30  Marine  
  44  4:31  Engineering Bay  
  44  4:32  SCV x2  
  46  4:43  Widow Mine  
  46  4:44  SCV x2  
  52  4:45  Widow Mine  
  52  4:47  Marine x2  
  52  4:48  Marine  
  55  5:01  Missile Turret  
  55  5:04  Marine  
  55  5:05  Marine  
  55  5:06  Marine  
  54  5:16  SCV x2  
  56  5:29  Widow Mine x2  
  56  5:30  Marine x2  
  56  5:33  Terran Infantry Weapons Level 1  
  62  5:47  Supply Depot  
  62  5:48  Supply Depot  
  62  5:56  Combat Shield  
  62  6:01  Liberator x2, Marine, SCV  
  62  6:02  Refinery  
  62  6:03  Refinery  
  70  6:08  SCV  
  60  6:34  Marine x2  
  60  6:35  Marauder  
  60  6:38  Widow Mine x2  
  68  6:42  Terran Infantry Armor Level 1  
  68  6:44  Medivac x2  
  72  6:47  Supply Depot  
  72  6:50  Supply Depot  
  72  6:51  SCV  
  72  6:52  SCV  
  74  7:08  Marine x2  
  74  7:09  Marauder  
  78  7:22  Barracks x2  
  78  7:27  Barracks  
  74  7:46  Marine x2  
  74  7:47  Marauder  
  79  7:51  SCV x2  
  80  8:05  Marine x2  
  82  8:25  Marine x2  
  82  8:26  Marauder  
  83  8:27  Barracks Reactor x2  
  83  8:28  Barracks Tech Lab  
  83  8:33  Concussive Shells, Medivac x2  
  84  8:40  Armory  
  84  8:46  Marine x2  
  88  8:48  Widow Mine  
  88  8:49  Widow Mine  
  90  9:01  Marauder x2  
  94  9:03  Medivac x2  
  94  9:08  SCV x2  
  100  9:11  Widow Mine  
  102  9:20  Supply Depot  
  102  9:21  Widow Mine  
  102  9:23  Supply Depot x3  
  100  9:31  Marine x2  
  102  9:42  Marauder x2, Marine x4  
  88  10:27  Marine x2  
  88  10:28  Marine x4  
  93  10:29  Marauder x2  
  76  11:11  Marine x5  
  62  11:12  Marauder, Marine  
  62  11:13  Marauder  
  70  11:28  Terran Infantry Weapons Level 2  
  70  11:29  Terran Infantry Armor Level 2  
  72  11:32  Supply Depot  
  72  11:33  Widow Mine x2  
  72  11:34  Medivac x2  
  72  11:35  Supply Depot  
  78  11:42  Command Center, Supply Depot  
  78  11:57  Marine x4  
  78  11:58  Marine x2  
  78  11:59  Marauder x2  
  88  12:04  SCV x2  
  90  12:12  Medivac  
  90  12:13  Medivac  
  94  12:17  Widow Mine x2  
  98  12:23  Supply Depot  
  98  12:25  Supply Depot  
  98  12:26  Marine x6  
  98  12:28  Marauder x2  
  108  12:39  Missile Turret  
  108  12:40  Missile Turret  
  108  12:47  Missile Turret  
  108  12:48  Marine x2  
  108  12:49  Marine x4  
  108  12:50  Marauder  
  108  12:51  Widow Mine, Marauder  
  118  12:55  Widow Mine  
  122  13:00  Missile Turret  
  122  13:03  Missile Turret  
  122  13:04  Medivac x2  
  126  13:08  Missile Turret  
  126  13:19  Marine x5  
  130  13:20  Marine  
  130  13:24  Missile Turret  
  132  13:30  Missile Turret  
  132  13:32  Missile Turret  
  132  13:34  SCV x2  
  134  13:47  SCV x2  
  136  13:48  Planetary Fortress  
  136  13:54  Marine x4, Missile Turret  
  140  14:05  Missile Turret  
  140  14:07  Missile Turret  
  140  14:12  Marine  
  140  14:13  Marine x5  
  140  14:14  Marine x2  
  148  14:25  SCV  
  148  14:26  SCV x2  
  151  14:35  Marine x2, Missile Turret  
  151  14:36  Marine x5, Missile Turret  
  151  14:37  SCV  
  159  14:55  Missile Turret  
  159  14:57  Missile Turret  
  138  15:18  Missile Turret  
  79  16:24  Marine x3  
  79  16:25  Marine x3  
  75  16:26  Marauder x2  
  75  16:27  Medivac x2  
  75  16:29  Widow Mine x2  
  75  16:30  Terran Infantry Weapons Level 3  
  75  16:32  Terran Infantry Armor Level 3, Terran Vehicle Weapons Level 1  
  88  16:51  Barracks x2  
  88  16:52  Barracks  
  88  16:53  Barracks  
  88  16:56  Barracks  
  88  17:00  Refinery  
  88  17:03  Refinery  
  88  17:06  Command Center  
  82  17:15  Marine x5  
  81  17:16  Marine  
  81  17:17  Marauder x2  
  88  17:33  Widow Mine  
  88  17:34  Widow Mine, Marine x4  
  88  17:35  Marine x2  
  98  17:42  Medivac  
  98  17:43  Medivac  
  102  17:45  Barracks Reactor x3  
  102  17:47  Barracks Reactor x2  
  102  18:01  Marine x5  
  102  18:02  Marine  
  102  18:04  Marauder x2  
  112  18:08  Widow Mine x2  
  116  18:30  Marine x7  
  116  18:31  Marine x7  
  116  18:32  Marine x2  
  116  18:34  Marauder x2  
  136  18:45  SCV x2  
  136  18:46  SCV  
  139  18:50  Marine x4  
  139  18:51  Marine x3  
  139  18:52  Marine x2  
  148  19:00  Marine x3  
  148  19:02  Marine  
  152  19:11  Marine x3  
  155  19:20  Marine x2  
  155  19:21  Marine x2  
  159  19:27  Medivac x2  
  163  19:41  Refinery  
  163  19:42  Refinery  
  163  19:51  Missile Turret  
  163  19:53  Missile Turret  
  163  19:55  Missile Turret  
  163  20:12  Missile Turret  
Show
View Real Time Build Order
Export as new Build Order

qqq Protoss 

Build Orders: Cannon Rush, Carriers 

Get SALT Encoding   

  12  0:02  Probe  
  13  0:16  Pylon  
  13  0:18  Probe  
  14  0:30  Probe  
  15  0:39  Forge  
  15  0:43  Probe  
  16  1:00  Pylon  
  16  1:19  Photon Cannon  
  16  1:25  Photon Cannon  
  16  1:35  Pylon  
  14  1:54  Pylon  
  14  1:58  Photon Cannon  
  14  2:01  Photon Cannon  
  14  2:03  Probe  
  14  2:22  Photon Cannon  
  14  2:27  Photon Cannon  
  14  2:40  Photon Cannon  
  14  2:45  Probe  
  15  2:57  Probe  
  16  3:01  Gateway  
  16  3:15  Photon Cannon  
  16  3:29  Probe  
  16  3:33  Assimilator  
  17  3:41  Probe  
  18  3:50  Cybernetics Core  
  18  3:53  Probe  
  19  3:59  Zealot (Chrono Boost)  
  21  4:05  Probe  
  22  4:17  Probe, Pylon  
  22  4:20  Zealot (Chrono Boost)  
  25  4:29  Probe  
  25  4:30  Pylon  
  26  4:42  Stalker (Chrono Boost)  
  26  4:45  Photon Cannon  
  28  4:52  Shield Battery  
  28  5:02  Stalker (Chrono Boost)  
  30  5:25  Stalker  
  26  5:52  Nexus  
  26  5:54  Stargate  
  26  5:57  Assimilator  
  26  6:23  Probe  
  23  6:35  Probe  
  23  6:38  Phoenix  
  26  6:47  Probe  
  27  6:59  Probe  
  28  7:03  Stargate  
  28  7:04  Nexus  
  28  7:05  Probe, Pylon  
  29  7:11  Probe  
  30  7:17  Probe  
  30  7:21  Phoenix  
  33  7:24  Probe  
  33  7:29  Probe  
  35  7:36  Probe  
  36  7:41  Probe  
  37  7:49  Probe  
  37  7:50  Phoenix  
  40  7:53  Phoenix  
  40  7:54  Probe  
  43  8:01  Probe  
  44  8:06  Probe  
  44  8:15  Phoenix  
  46  8:27  Probe x3  
  46  8:30  Assimilator  
  46  8:32  Assimilator  
  49  8:39  Probe x3  
  52  8:41  Phoenix  
  52  8:45  Phoenix  
  56  8:51  Probe x2  
  58  9:03  Probe  
  58  9:04  Probe  
  58  9:06  Probe, Phoenix  
  63  9:15  Probe  
  63  9:16  Probe  
  65  9:28  Probe x2, Pylon  
  67  9:34  Photon Cannon  
  67  9:37  Phoenix  
  69  9:40  Probe x2  
  69  9:45  Phoenix, Fleet Beacon  
  73  9:52  Probe x2  
  74  10:04  Probe  
  71  10:26  Phoenix x2  
  69  11:15  Pylon  
  69  11:17  Pylon  
  69  11:28  Pylon, Nexus  
  69  11:33  Pylon  
  69  11:36  Carrier  
  75  11:40  Pylon  
  75  11:42  Pylon  
  75  11:43  Pylon  
  75  11:46  Carrier  
  81  11:55  Protoss Air Weapons Level 1 (Chrono Boost)  
  81  12:00  Nexus  
  81  12:01  Pylon  
  81  12:02  Pylon  
  81  12:06  Pylon  
  81  12:09  Photon Cannon  
  81  12:12  Photon Cannon  
  81  12:23  Photon Cannon  
  81  12:25  Photon Cannon  
  81  12:28  Photon Cannon  
  81  12:33  Photon Cannon  
  81  12:38  Photon Cannon  
  81  12:40  Carrier  
  81  12:42  Probe  
  88  12:50  Carrier  
  94  12:54  Probe  
  94  12:56  Stargate  
  95  13:02  Anion Pulse-Crystals  
  95  13:07  Probe  
  95  13:09  Assimilator  
  96  13:14  Assimilator  
  96  13:19  Probe  
  97  13:21  Stargate  
  97  13:23  Stargate  
  97  13:25  Pylon  
  97  13:31  Probe  
  98  13:34  Probe  
  99  13:43  Probe  
  99  13:44  Carrier  
  99  13:46  Probe  
  107  13:54  Tempest  
  107  13:55  Probe  
  113  13:58  Probe  
  113  14:00  Assimilator  
  114  14:03  Assimilator, Mothership  
  114  14:04  Carrier  
  128  14:10  Probe  
  128  14:13  Tempest  
  134  14:23  Probe  
  135  14:29  Nexus  
  135  14:30  Pylon  
  135  14:33  Pylon  
  135  14:35  Probe  
  135  14:36  Pylon  
  136  14:38  Carrier, Pylon  
  136  14:41  Pylon  
  136  14:45  Photon Cannon  
  142  14:46  Shield Battery  
  142  14:47  Probe  
  142  14:50  Photon Cannon  
  143  14:59  Probe  
  96  15:42  Tempest x2  
  105  15:49  Probe x2  
  78  16:01  Probe x2  
  73  16:13  Probe x2  
  73  16:16  Stargate  
  73  16:17  Stargate  
  75  16:22  Stargate  
  75  16:36  Tempest  
  75  16:38  Probe  
  80  16:50  Probe  
  81  17:02  Probe  
  78  17:21  Nexus  
  78  17:23  Probe  
  78  17:25  Probe  
  78  17:26  Pylon  
  78  17:27  Assimilator  
  78  17:29  Pylon  
  80  17:31  Photon Cannon, Assimilator  
  80  17:34  Photon Cannon  
  80  17:35  Probe (Chrono Boost), Pylon  
  80  17:36  Shield Battery  
  81  17:41  Probe (Chrono Boost)  
  81  17:42  Tempest  
  82  17:47  Tempest, Probe (Chrono Boost)  
  82  17:51  Probe (Chrono Boost)  
  85  17:52  Probe x2 (Chrono Boost)  
  85  17:56  Pylon  
  86  17:59  Probe  
  86  18:01  Probe x2, Pylon  
  86  18:05  Pylon  
  95  18:11  Probe  
  96  18:13  Probe  
  91  18:25  Tempest x2  
  101  18:33  Carrier  
  85  19:08  Probe  
  92  19:20  Probe  
  93  19:32  Probe  
  94  19:42  Nexus  
  94  19:44  Probe  
  101  19:57  Probe  
Show
View Real Time Build Order
Export as new Build Order

Massa Terran 

Build Orders:  

Get SALT Encoding   

  12  0:00  SCV  
  13  0:12  SCV  
  14  0:17  Supply Depot  
  14  0:24  SCV  
  15  0:39  SCV, Barracks  
  16  0:51  SCV  
  17  0:58  Refinery  
  17  1:03  SCV  
  18  1:15  SCV  
  19  1:27  SCV  
  20  1:40  Orbital Command, Command Center  
  20  1:42  Reaper  
  21  2:09  SCV  
  21  2:14  Marine  
  23  2:15  Refinery  
  23  2:32  Supply Depot  
  23  2:35  Factory  
  23  2:51  SCV  
  23  2:56  Barracks Reactor  
  25  2:59  Orbital Command  
  25  3:04  SCV  
  24  3:16  SCV  
  22  3:42  SCV  
  22  3:43  SCV  
  22  3:45  Barracks Tech Lab  
  22  3:47  Hellion x2  
  28  3:55  SCV x2  
  30  3:59  Supply Depot  
  30  4:03  Command Center  
  30  4:07  SCV, Engineering Bay  
  30  4:08  Hellion x2  
  37  4:17  Marauder  
  37  4:18  Stimpack  
  37  4:28  Starport  
  37  4:29  Hellion  
  37  4:30  Hellion  
  41  4:32  Barracks  
  41  4:37  Barracks  
  41  4:51  Hellion x2  
  45  4:53  Terran Infantry Weapons Level 1  
  45  4:57  Missile Turret  
  45  5:01  Missile Turret  
  45  5:17  Missile Turret  
  45  5:22  Missile Turret  
  45  5:26  Widow Mine x2  
  45  5:27  Medivac  
  51  5:29  Barracks Reactor x2  
  51  5:30  Marauder  
  53  5:38  Missile Turret  
  47  6:09  Widow Mine x2  
  40  6:42  Marauder, Marine  
  40  6:43  Marine  
  40  6:44  Marine x2  
  46  6:47  Combat Shield  
  46  6:49  Medivac  
  46  6:51  SCV x2  
  50  6:58  Supply Depot  
  50  7:00  Marine x2  
  52  7:01  Marine  
  52  7:02  Marine  
  52  7:03  SCV  
  52  7:04  SCV, Marauder  
  58  7:10  Barracks  
  58  7:11  Factory Tech Lab  
  58  7:16  SCV x2  
  58  7:18  Marine x2  
  58  7:19  Marine  
  63  7:28  SCV x2  
  65  7:36  Marine  
  66  7:41  Marauder  
  66  7:44  Marine x3  
  69  7:49  Terran Infantry Armor Level 1  
  71  7:54  Orbital Command, Marine  
  72  7:59  Starport Tech Lab  
  72  8:01  Marine  
  72  8:02  Marine x2  
  72  8:03  Marauder  
  74  8:12  Marine  
  75  8:23  SCV x2  
  77  8:37  Supply Depot x2  
  77  8:39  Supply Depot  
  77  8:40  Supply Depot  
  77  8:58  SCV, Siege Tank  
  77  8:59  SCV x2, Marauder, Supply Depot  
  85  9:03  Banshee, Supply Depot  
  85  9:05  Cloaking Field  
  88  9:11  SCV  
  89  9:17  Refinery  
  89  9:20  Marauder  
  89  9:22  Orbital Command  
  87  9:42  Marauder  
  89  9:46  Banshee  
  77  10:02  Marine  
  77  10:03  Marauder, Marine x3  
  55  10:14  Siege Tank  
  55  10:20  Marine  
  55  10:21  Armory, Marine x3  
  58  10:24  Marauder  
  60  10:33  Command Center  
  60  10:44  Marine  
  60  10:45  Marine x3  
  60  10:46  Marauder, Siege Tank  
  69  10:51  Barracks  
  69  10:52  Barracks  
  69  10:53  Barracks  
  69  11:02  Marine  
  69  11:03  Marine x3  
  68  11:07  Marauder  
  68  11:20  Marine x4  
  68  11:24  Hellion  
  74  11:29  Marauder  
  74  11:30  Smart Servos  
  76  11:38  Marine x4  
  80  11:41  Barracks Reactor x2  
  80  11:43  Barracks Tech Lab  
  80  11:45  Hellion  
  82  11:50  Marauder  
  77  11:56  Marine x2  
  73  12:08  Command Center  
  73  12:09  SCV  
  73  12:10  SCV  
  73  12:11  Marine  
  76  12:21  SCV  
  76  12:22  SCV  
  78  12:23  Marauder, Marine x3  
  78  12:24  Marine x5  
  78  12:29  Marauder  
  90  12:33  SCV  
  90  12:34  SCV  
  90  12:36  Missile Turret  
  89  12:38  Missile Turret  
  89  12:41  Marine x3  
  92  12:44  Marauder  
  92  12:45  SCV  
  92  12:46  SCV  
  96  12:56  Concussive Shells  
  96  12:58  SCV  
  97  13:03  Missile Turret  
  97  13:07  Terran Infantry Weapons Level 2  
  97  13:31  Marauder x2, Marine  
  97  13:32  Marine x8  
  97  13:33  Orbital Command  
  110  13:34  SCV  
  110  13:35  SCV  
  112  13:45  Sensor Tower  
  112  13:46  Banshee  
  112  13:47  SCV x2  
  117  13:52  Marauder x2  
  121  13:59  SCV x2  
  121  14:01  Refinery  
  123  14:11  SCV x2  
  125  14:31  Supply Depot  
  125  14:33  Supply Depot  
  125  14:34  Supply Depot  
  125  14:38  Supply Depot  
  125  14:40  Supply Depot  
  125  14:46  Refinery  
  125  14:48  Refinery  
  125  14:52  SCV, Marine x5  
  133  14:53  Marauder  
  133  14:54  SCV, Marauder, Marine x5  
  126  15:10  Marine x3  
  126  15:12  Marine x2  
  113  15:14  Marauder  
  113  15:16  Marauder  
  79  15:22  Siege Tank  
  73  15:37  Marauder  
  73  15:41  Marauder, Marine  
  73  15:42  Marine x9  
  86  15:54  Siege Tank  
  86  15:59  Marauder, Marine x2  
  86  16:02  Marauder  
  79  16:05  Marine x5  
  79  16:06  Marine x3  
  87  16:17  Marine x2  
  89  16:20  Marauder  
  89  16:23  Marine x3  
  89  16:24  Marauder  
  91  16:41  Marauder  
  91  16:44  Sensor Tower  
  91  16:45  Marauder, Marine x10  
  105  17:02  Marine  
  105  17:03  Marauder, Marine x4  
  112  17:09  Marine x4  
  112  17:10  Marauder, Marine  
  119  17:20  Marine  
  120  17:24  Marauder  
  122  17:31  Terran Infantry Armor Level 2, Marauder  
  122  17:35  Terran Vehicle Weapons Level 1  
  124  17:37  Command Center  
  124  17:44  Engineering Bay  
  124  17:46  Marauder  
  126  18:31  Medivac  
  108  18:47  Marauder x2, Marine  
  108  18:48  Marine x9  
  72  18:54  Siege Tank  
  75  19:00  SCV x2  
  75  19:01  Medivac  
  78  19:05  Marine x3  
  78  19:06  Marine x2, Planetary Fortress  
  78  19:08  Marauder x2  
  86  19:18  Marine x4  
  86  19:19  Marine  
  86  19:23  Marine x5  
  96  19:26  Siege Tank  
  96  19:30  Marauder x2  
  96  19:31  Medivac  
  105  19:36  Marine  
  106  19:51  Marauder x2  
Tags
 
Add a new tag
Caveats
  • Supply blocks, unpowered buildings, or Contaminate may cause inaccurate times.
  • Supply counts are checked every 10 seconds.